 Dungeon Crawl Stone Soup version 0.26.1-11-gd32895ea62 (webtiles) character file.

Game seed: 11766022589579817947

1927 Zeld the Thaumaturge (level 9, -2/48 HPs)
             Began as an Octopode Brigand on May 12, 2021.
             Was a Follower of Fedhas.
             Hit by a stone thrown by a kobold (3 damage)
             ... on level 7 of the Dungeon.
             The game lasted 00:10:37 (9530 turns).

Zeld the Thaumaturge (Octopode Brigand)             Turns: 9530, Time: 00:10:37

Health: -2/48      AC:  1    Str: 13 (14) XL:     9   Next: 17%
Magic:  22/22      EV: 13    Int: 11 (13) God:    Fedhas [*.....]
Gold:   343        SH:  0    Dex: 14 (15) Spells: 26/26 levels left

rFire    . . .     SeeInvis .   l - +3 dagger (venom)
rCold    . . .     Faith    .   (no shield)
rNeg     . . .     Spirit   .   (helmet restricted)
rPois    .         Reflect  .   (no amulet)
rElec    .         Harm     .   (no ring)
rCorr    .         Rampage  .   (no ring)
Will     .....                  (no ring)
Stlth    ++++......             (no ring)
HPRegen  0.16/turn              (no ring)
MPRegen  0.18/turn              (no ring)
                                (no ring)
                                (no ring)

@: no status effects
A: almost no armour, stealthy swim, amphibious, 8 rings, constrict 8, tentacle
spike 1, camouflage 1, agile 1, frail 1, gelatinous body 1
a: Renounce Religion


You were on level 7 of the Dungeon.
You worshipped Fedhas.
Fedhas was aware of your devotion.
You visited 2 branches of the dungeon, and saw 8 of its levels.
You also visited: Sewer.

You collected 343 gold pieces.

Inventory:

Hand Weapons
 l - a +3 dagger of venom (weapon)
Missiles
 b - 80 poisoned darts (quivered)
 c - 2 curare-tipped darts
 m - 4 atropa-tipped darts
Jewellery
 h - an uncursed ring of positive energy {unknown}
Wands
 g - a wand of flame (5)
 i - a wand of iceblast (6)
 p - a wand of paralysis (5)
Scrolls
 a - 3 scrolls of remove curse
 e - 2 scrolls of amnesia
 f - a scroll of enchant armour
 j - 6 scrolls of teleportation
 r - a scroll of random uselessness {unknown}
Potions
 s - 3 potions of flight


   Skills:
 - Level 2.0 Fighting
 - Level 2.0 Short Blades
 - Level 6.0 Throwing
 - Level 1.0 Dodging
 - Level 5.3 Stealth
 * Level 9.3 Spellcasting


You had 26 spell levels left.
You didn't know any spells.
Your spell library contained the following spells:

 Spells                   Type           Power        Failure   Level
 Foxfire                  Conj/Fire      20%          14%         1
 Conjure Flame            Conj/Fire      5%           38%         3
 Inner Flame              Hex/Fire       5%           38%         3
 Sticky Flame             Conj/Fire      5%           80%         4
 Fireball                 Conj/Fire      2%           98%         5


Dungeon Overview and Level Annotations

Branches:
Dungeon (7/15)             Temple (1/1) D:4           Sewer (visited)

Altars:
Ashenzari
Cheibriados
Dithmenos
Elyvilon
Fedhas
Gozag
Hepliaklqana
Kikubaaqudgha
Makhleb
Okawaru
Ru
Sif Muna
Trog
Uskayaw
Vehumet
Wu Jian
Xom
Zin
The Shining One


Innate Abilities, Weirdness & Mutations

You cannot wear most types of armour.
You are very stealthy in the water. (Stealth+)
You are amphibious.
You can wear up to eight rings at the same time.
You can use your tentacles to constrict eight enemies at once.
Your skin changes colour to match your surroundings (Stealth+).
Your rubbery body absorbs attacks. (AC +1, EV +1)
One of your tentacles bears a spike.
You are agile. (Dex +2)
You are frail. (-10% HP)


Message History

You kill the kobold!
Fedhas accepts your kill.
The electric eel shoots out a bolt of lightning at you!
The bolt of electricity hits you!
* * * LOW HITPOINT WARNING * * *
The kobold throws a stone.
The stone hits you but does no damage.
You see here a stone.
Okay, then.
Blink to where?
Press: ? - help, Dir - move target
As you read the scroll of blinking, it crumbles to dust.
The kobold shouts!
The kobold throws a stone.
The stone closely misses you.
You see here a stone.
The kobold throws a stone.
The stone hits you.
* * * LOW HITPOINT WARNING * * *
You see here a stone.
The kobold throws a stone.
The stone hits you.
You die...
Fedhas appreciates your contribution to the ecosystem.

≈≈♣..#+#.(K##
≈≈♣......#.(#
≈≈.......#K.##########
≈........+....§......#
.........##.K#######.#
#+##+#......K....# #.#
######......# #.#
#......###.#
#####.@((..# #.######
#######.######.#
...............#
#######.######## #.#
#.# #.# #.#


You could see 3 kobolds.

Vanquished Creatures
  Pikel (D:6)
  Grinder (D:5)
  Eustachio (D:5)
  A water moccasin (D:6)
  Purgy (Sewer)
  An ogre (D:4)
  A lemure (D:5)
  A centaur (D:5)
  Blork the orc (D:6)
  A bullfrog zombie (D:7)
  4 orc priests
  2 hounds
  A gnoll shaman (D:6)
  A jelly (D:6)
  3 orc wizards
  Crazy Yiuf (D:6)
  4 gnolls (D:6)
  12 adders
  3 shadow imps
  A white imp (D:6)
  An ooze (D:5)
  3 adder skeletons
  3 worms
  3 dart slugs
  7 leopard geckos
  20 orcs
  6 ball pythons
  3 bats
  7 giant cockroaches
  12 goblins
  7 hobgoblins
  7 jackals (D:1)
  6 quokkas
  7 frilled lizards
  9 kobolds
  A leopard gecko skeleton (D:5)
  10 rats
154 creatures vanquished.

Vanquished Creatures (others)
  4 plants
4 creatures vanquished.

Grand Total: 158 creatures vanquished

Notes
Turn   | Place    | Note
-------+----------+-------------------------------------------
     0 | D:1      | Zeld the Octopode Brigand began the quest for the Orb.
     0 | D:1      | Reached XP level 1. HP: 14/14 MP: 1/1
    78 | D:1      | Reached skill level 1 in Spellcasting
   116 | D:1      | Reached XP level 2. HP: 18/19 MP: 3/3
   473 | D:1      | Reached XP level 3. HP: 16/24 MP: 5/5
   975 | D:2      | You fall into a shaft and drop 1 floor!
   975 | D:3      | Found an iron altar of Okawaru.
   982 | D:3      | Reached skill level 2 in Spellcasting
  1709 | D:2      | Found a burning altar of Makhleb.
  1717 | D:2      | Reached XP level 4. HP: 24/29 MP: 6/8
  2117 | D:3      | Reached skill level 3 in Spellcasting
  2347 | D:3      | Reached XP level 5. HP: 34/34 MP: 8/10
  2925 | D:3      | Reached skill level 4 in Spellcasting
  3127 | D:3      | Reached XP level 6. HP: 30/39 MP: 12/12
  3405 | D:4      | Found a staircase to the Ecumenical Temple.
  3415 | Temple   | Entered the Ecumenical Temple
  3420 | Temple   | Became a worshipper of Fedhas Madash
  3751 | D:4      | Found a snail-covered altar of Cheibriados.
  3772 | D:4      | Reached skill level 5 in Spellcasting
  3872 | D:4      | Found a radiant altar of Vehumet.
  3878 | D:4      | Found a hide-covered altar of Uskayaw.
  3926 | D:4      | Found a shadowy altar of Dithmenos.
  3983 | D:4      | Reached XP level 7. HP: 45/45 MP: 14/14
  4201 | D:5      | Entered Level 5 of the Dungeon
  4283 | D:5      | Found a glowing drain.
  4295 | Sewer    | Entered a sewer
  4333 | Sewer    | Reached * piety under Fedhas
  4354 | Sewer    | Noticed Purgy
  4593 | Sewer    | Killed Purgy
  5482 | D:5      | Noticed Eustachio
  5502 | D:5      | Killed Eustachio
  5503 | D:5      | Reached skill level 5 in Throwing
  5503 | D:5      | Reached skill level 6 in Spellcasting
  5730 | D:5      | Found a shimmering blue altar of Sif Muna.
  5755 | D:5      | Noticed Grinder
  5764 | D:5      | Killed Grinder
  5765 | D:5      | Reached XP level 8. HP: 8/50 MP: 16/18
  6428 | D:5      | Reached skill level 7 in Spellcasting
  7137 | D:6      | Noticed Pikel
  7769 | D:6      | Killed Pikel
  7770 | D:6      | Reached skill level 8 in Spellcasting
  8049 | D:6      | Gained mutation: One of your tentacles bears a spike.
                  | [potion of mutation]
  8049 | D:6      | Gained mutation: You are frail. (-10% HP) [potion of
                  | mutation]
  8049 | D:6      | Gained mutation: You are agile. (Dex +2) [potion of
                  | mutation]
  8066 | D:6      | Reached XP level 9. HP: 44/48 MP: 21/21
  8539 | D:6      | Reached skill level 9 in Spellcasting
  8780 | D:6      | Noticed Blork the orc
  8787 | D:6      | Killed Blork the orc
  8872 | D:6      | Found a runed translucent door.
  8873 | D:6      | Noticed Crazy Yiuf
  8885 | D:6      | Killed Crazy Yiuf
  9080 | D:6      | Found an ornate altar of the Wu Jian Council.
  9516 | D:7      | HP: 2/48 [electric eel/bolt of electricity (8)]
  9529 | D:7      | HP: 1/48 [kobold/stone (3)]
  9530 | D:7      | Hit by a stone thrown by a kobold

Illustrated notes

Levels and vault maps discovered:
D:1:      dpeg_arrival_solitude, layout_rooms, serial_park_tiny_pond,
          glass_columns_b, minmay_misc_feat_secret_circle
D:2:      layout_loops_cross, makhleb_heckhound_becter, minmay_misc_feat_cross
D:3:      minmay_bubble_buster, layout_basic, okawaru_trees_1
D:4:      layout_loops_ring, grunt_dithmenos_shadows, minitemple,
          minmay_temple_entry_stoned_glass
D:5:      layout_basic, led_sif_pool, gup_sewer_entry_bubbles, minivault_11,
          chequers_serial_rivers_micro_b, minivault_24, chequers_big_river,
          uniq_grinder, uniq_eustachio
D:6:      layout_cave_pools, pdpol_wu_jian_five_deadly_venoms,
          uniq_crazy_yiuf_cottage, uniq_pikel, uniq_blork_the_orc
D:7:      layout_basic, nicolae_overflow_hidden_temple, serial_bayou_lagoon_b
Temple:   minmay_freezing_vapour_temple

Skill      XL: |  1  2  3  4  5  6  7  8  9 |
---------------+----------------------------+-----
Spellcasting   | 1 2 3 4 5 6 8 9 |  9.3
Throwing       | 3 4 5 6 |  6.0
Fighting       | |  2.0
Short Blades   | |  2.0
Dodging        | |  1.0
Stealth        | |  5.3

Action                   |  1- 3 |  4- 6 |  7- 9 || total
-------------------------+-------+-------+-------++-------
Melee: Dagger            |    69 |    98 |   165 ||   332
       Constrict         |    18 |    26 |    37 ||    81
       Tentacles         |    10 |    15 |    38 ||    63
       Kick              |       |       |    17 ||    17
Throw: Dart              |       |     4 |    34 ||    38
Evoke: Wand              |       |       |     1 ||     1
  Use: Scroll            |       |       |    12 ||    12
       Potion            |       |       |    10 ||    10
 Stab: Sleeping          |    12 |    25 |    13 ||    50
       Distracted        |     1 |       |       ||     1
Armor: Skin              |     4 |     6 |    20 ||    30
Dodge: Dodged            |    39 |    55 |   105 ||   199
